PL
ATLANTA SMOKE @ BOSTON PATRIOTS
09/01/2030
 
TOP OF THE 1ST
Atlanta Smoke batting - Pitching for Boston Patriots : RHP Cameron Frye
Pitching: RHP Cameron Frye
Batting: RHB Bobby Butterfield 0-0: Ball
1-0: Foul Ball, location: 2F
1-1: Swinging Strike
1-2: Strikes out swinging, 2-3 out at first.
Batting: RHB Bartolo Morales 0-0: Ground out 6-3 (Groundball, 6)
Batting: LHB Yataro Kodo 0-0: Ball
1-0: Fly out, F4 (Line Drive, 4M)
Top of the 1st over - 0 runs, 0 hits, 0 errors, 0 left on base; Atlanta 0 - Boston 0
BOTTOM OF THE 1ST
Boston Patriots batting - Pitching for Atlanta Smoke : RHP Valentín Rivera
Pitching: RHP Valentín Rivera
Batting: RHB Juan Tellado 0-0: Called Strike
0-1: Foul Ball, location: 2F
0-2: Ball
1-2: Ground out 6-3 (Groundball, 56)
Batting: RHB António Padilla 0-0: Ball
1-0: Fly out, F9 (Flyball, 9LD)
Batting: RHB Omer Yurtseven 0-0: Called Strike
0-1: Swinging Strike
0-2: SOLO HOME RUN (Flyball, 7D), Distance : 395 ft
Batting: LHB José Marín 0-0: Swinging Strike
0-1: Called Strike
0-2: Ball
1-2: Strikes out swinging
Bottom of the 1st over - 1 run, 1 hit, 0 errors, 0 left on base; Atlanta 0 - Boston 1
TOP OF THE 2ND
Atlanta Smoke batting - Pitching for Boston Patriots : RHP Cameron Frye
Batting: RHB Gabriel Maldonado 0-0: Ball
1-0: Foul Ball, location: 2F
1-1: Foul Ball, location: 2F
1-2: Ball
2-2: SINGLE (Flyball, 78S)
Batting: RHB Sadakuno Taketo 0-0: Called Strike
0-1: Ball
1-1: Ball
2-1: Grounds into double play, 5-4-3 (Groundball, 56)
Batting: SHB Roku Hara 0-0: Called Strike
0-1: Ball
1-1: Ball
2-1: Foul Ball, location: 2F
2-2: Foul Ball, location: 2F
2-2: Foul Ball, location: 2F
2-2: Strikes out looking
Top of the 2nd over - 0 runs, 1 hit, 0 errors, 0 left on base; Atlanta 0 - Boston 1
BOTTOM OF THE 2ND
Boston Patriots batting - Pitching for Atlanta Smoke : RHP Valentín Rivera
Batting: LHB Jorge Alejándrez 0-0: Fly out, F2 (Popup, 2L)
Batting: LHB Ramón Félix 0-0: Called Strike
0-1: Ball
1-1: DOUBLE (Line Drive, 89D)
Batting: RHB Karl Schultz 0-0: Fly out, F7 (Flyball, 7S)
Batting: RHB Terry Armstrong 0-0: Ball
1-0: Called Strike
1-1: DOUBLE (Line Drive, 9LM)
Ramón Félix scores
Batting: RHB Francisco Agámez 0-0: Ball
1-0: Ball
2-0: Ball
3-0: Ground out 6-3 (Groundball, 6)
Bottom of the 2nd over - 1 run, 2 hits, 0 errors, 1 left on base; Atlanta 0 - Boston 2
TOP OF THE 3RD
Atlanta Smoke batting - Pitching for Boston Patriots : RHP Cameron Frye
Batting: RHB Gerardo Castillo 0-0: SINGLE (Groundball, 6MD)
Batting: RHB Cosmo Bjorkenheim 0-0: Called Strike
0-1: Called Strike
0-2: Strikes out swinging
Batting: SHB Raúl Duarte 0-0: Ball
1-0: Ball
2-0: Called Strike
2-1: Ball
3-1: Fielders Choice at 2nd, 4-6 (Groundball, 4)
Batting: RHB Bobby Butterfield 0-0: Ball
1-0: Ball
2-0: SINGLE (Line Drive, 6M)
Raúl Duarte to second
Raúl Duarte to third
Batting: RHB Bartolo Morales 0-0: Ball
Bobby Butterfield is caught stealing 2nd base
Top of the 3rd over - 0 runs, 2 hits, 0 errors, 1 left on base; Atlanta 0 - Boston 2
BOTTOM OF THE 3RD
Boston Patriots batting - Pitching for Atlanta Smoke : RHP Valentín Rivera
Batting: RHB Juan Tellado 0-0: Called Strike
0-1: Called Strike
0-2: Ball
1-2: Ground out 6-3 (Groundball, 6)
Batting: RHB António Padilla 0-0: Called Strike
0-1: Foul Ball, location: 2F
0-2: Foul Ball, location: 2F
0-2: Foul Ball, location: 2F
0-2: Ball
1-2: SINGLE (Line Drive, 6MD)
Batting: RHB Omer Yurtseven 0-0: Foul Ball, location: 2F
0-1: Ball
1-1: Ball
2-1: Fly out, F3 (Popup, 34S)
Batting: LHB José Marín 0-0: SINGLE (Line Drive, 9S)
António Padilla to second
Runner from 2nd tries for 3rd, SAFE, no throw
Batting: LHB Jorge Alejándrez 0-0: Ball
1-0: Ball
2-0: Called Strike
2-1: Fly out, F9 (Flyball, 89S)
Bottom of the 3rd over - 0 runs, 2 hits, 0 errors, 2 left on base; Atlanta 0 - Boston 2
TOP OF THE 4TH
Atlanta Smoke batting - Pitching for Boston Patriots : RHP Cameron Frye
Batting: RHB Bartolo Morales 0-0: Ground out 5-3 (Groundball, 56)
Batting: LHB Yataro Kodo 0-0: Swinging Strike
0-1: Fly out, F8 (Flyball, 8RS)
Batting: RHB Gabriel Maldonado 0-0: Called Strike
0-1: Called Strike
0-2: Foul Ball, location: 2F
0-2: SOLO HOME RUN (Flyball, 7LD), Distance : 353 ft
Batting: RHB Sadakuno Taketo 0-0: Foul Ball, location: 2F
0-1: Foul Ball, location: 2F
0-2: SINGLE (Line Drive, 4D)
Batting: SHB Roku Hara 0-0: Called Strike
0-1: Foul Ball, location: 2F
0-2: Strikes out swinging
Top of the 4th over - 1 run, 2 hits, 0 errors, 1 left on base; Atlanta 1 - Boston 2
BOTTOM OF THE 4TH
Boston Patriots batting - Pitching for Atlanta Smoke : RHP Valentín Rivera
Batting: LHB Ramón Félix 0-0: Ball
1-0: Ball
2-0: Called Strike
2-1: Ball
3-1: DOUBLE (Line Drive, 9LM)
Batting: RHB Karl Schultz 0-0: Ball
1-0: Ground out 6-3 (Groundball, 6)
Batting: RHB Terry Armstrong 0-0: SINGLE (Groundball, 56D)
Ramón Félix to third
Batting: RHB Francisco Agámez 0-0: Swinging Strike
0-1: Ball
1-1: Ball
2-1: Foul Ball, location: 2F
2-2: Fly out, F8 (Flyball, 78D)
Runner from 3rd tags up, SCORES, throw made
Batting: RHB Juan Tellado 0-0: Fly out, F7 (Flyball, 7)
Bottom of the 4th over - 1 run, 2 hits, 0 errors, 1 left on base; Atlanta 1 - Boston 3
TOP OF THE 5TH
Atlanta Smoke batting - Pitching for Boston Patriots : RHP Cameron Frye
Batting: RHB Gerardo Castillo 0-0: Swinging Strike
0-1: Ball
1-1: Called Strike
1-2: Foul Ball, location: 2F
1-2: Foul Ball, location: 2F
1-2: Ball
2-2: Foul Ball, location: 2F
2-2: Strikes out swinging
Batting: RHB Cosmo Bjorkenheim 0-0: Ball
1-0: Called Strike
1-1: Called Strike
1-2: Strikes out swinging
Batting: SHB Raúl Duarte 0-0: Foul Ball, location: 2F
0-1: Ball
1-1: Ball
2-1: Ground out 5-3 (Groundball, 56)
Top of the 5th over - 0 runs, 0 hits, 0 errors, 0 left on base; Atlanta 1 - Boston 3
BOTTOM OF THE 5TH
Boston Patriots batting - Pitching for Atlanta Smoke : RHP Valentín Rivera
Batting: RHB António Padilla 0-0: Swinging Strike
0-1: Ball
1-1: Ball
2-1: Foul Ball, location: 2F
2-2: Foul Ball, location: 2F
2-2: Ball
3-2: Fly out, F8 (Flyball, 8LS)
Batting: RHB Omer Yurtseven 0-0: Fly out, F9 (Flyball, 9S)
Batting: LHB José Marín 0-0: Ground out 4-3 (Groundball, 4)
Bottom of the 5th over - 0 runs, 0 hits, 0 errors, 0 left on base; Atlanta 1 - Boston 3
TOP OF THE 6TH
Atlanta Smoke batting - Pitching for Boston Patriots : RHP Cameron Frye
Batting: RHB Bobby Butterfield 0-0: Ball
1-0: Fly out, F7 (Flyball, 7)
Batting: RHB Bartolo Morales 0-0: Foul Ball, location: 2F
0-1: Foul Ball, location: 2F
0-2: Ball
1-2: Ground out 5-3 (Groundball, 56S)
Batting: LHB Yataro Kodo 0-0: Ball
1-0: SOLO HOME RUN (Flyball, 78XD), Distance : 440 ft
Batting: RHB Gabriel Maldonado 0-0: Ball
1-0: Swinging Strike
1-1: Fly out, F8 (Flyball, 8RD)
Top of the 6th over - 1 run, 1 hit, 0 errors, 0 left on base; Atlanta 2 - Boston 3
BOTTOM OF THE 6TH
Boston Patriots batting - Pitching for Atlanta Smoke : RHP Valentín Rivera
Batting: LHB Jorge Alejándrez 0-0: SINGLE (Line Drive, 34D)
Batting: LHB Ramón Félix 0-0: Swinging Strike
0-1: Ball
1-1: SINGLE (Line Drive, 4MD)
Jorge Alejándrez to second
Runner from 2nd tries for 3rd, SAFE, no throw
Batting: RHB Karl Schultz 0-0: Ball
1-0: Swinging Strike
1-1: Ball
2-1: Swinging Strike
2-2: Grounds into double play, 4-6-3 (Groundball, 34)
Jorge Alejándrez scores
Batting: RHB Terry Armstrong 0-0: Ball
1-0: Called Strike
1-1: Fly out, F3 (Popup, 3SF)
Bottom of the 6th over - 1 run, 2 hits, 0 errors, 0 left on base; Atlanta 2 - Boston 4
TOP OF THE 7TH
Atlanta Smoke batting - Pitching for Boston Patriots : RHP Cameron Frye
Batting: RHB Sadakuno Taketo 0-0: Ground out 6-3 (Groundball, 6)
Batting: SHB Roku Hara 0-0: Swinging Strike
0-1: Fly out, F7 (Flyball, 78XD)
Batting: RHB Gerardo Castillo 0-0: Called Strike
0-1: SINGLE (Line Drive, 89S)
Batting: RHB Cosmo Bjorkenheim 0-0: Called Strike
0-1: DOUBLE (Flyball, 8LXD)
Gerardo Castillo to third
Batting: SHB Raúl Duarte 0-0: Called Strike
0-1: Fly out, F7 (Flyball, 78S)
Top of the 7th over - 0 runs, 2 hits, 0 errors, 2 left on base; Atlanta 2 - Boston 4
BOTTOM OF THE 7TH
Boston Patriots batting - Pitching for Atlanta Smoke : RHP Valentín Rivera
Batting: RHB Francisco Agámez 0-0: Ball
1-0: Foul Ball, location: 2F
1-1: Called Strike
1-2: Ball
2-2: Foul Ball, location: 2F
2-2: Strikes out swinging
Batting: RHB Juan Tellado 0-0: TRIPLE (Line Drive, 9D)
Batting: RHB António Padilla 0-0: Foul Ball, location: 2F
0-1: SINGLE (Groundball, 6MD)
Juan Tellado scores
Pitching: LHP Corbin Jameson
Batting: RHB Omer Yurtseven 0-0: Ball
1-0: Called Strike
1-1: Foul Ball, location: 2F
1-2: Ball
2-2: Ground out 6-3 (Groundball, 6S)
António Padilla to second
Batting: LHB José Marín 0-0: Ball
1-0: Called Strike
1-1: Ball
2-1: Ground out 6-3 (Groundball, 6M)
Bottom of the 7th over - 1 run, 2 hits, 0 errors, 1 left on base; Atlanta 2 - Boston 5
TOP OF THE 8TH
Atlanta Smoke batting - Pitching for Boston Patriots : RHP Cameron Frye
Batting: RHB Bobby Butterfield 0-0: SINGLE (Line Drive, 9LS)
Batting: RHB Bartolo Morales 0-0: Ball
1-0: Called Strike
1-1: Ball
2-1: Called Strike
2-2: Fly out, F8 (Flyball, 8LM)
Batting: LHB Yataro Kodo 0-0: Ball
1-0: Ball
2-0: Fielders Choice at 2nd, 2-4 (Groundball, 2L)
Batting: RHB Gabriel Maldonado 0-0: SINGLE (Groundball, 56S) (infield hit)
Yataro Kodo to second
Batting: RHB Sadakuno Taketo 0-0: Called Strike
0-1: Foul Ball, location: 2F
0-2: Foul Ball, location: 2F
0-2: Strikes out looking
Top of the 8th over - 0 runs, 2 hits, 0 errors, 2 left on base; Atlanta 2 - Boston 5
BOTTOM OF THE 8TH
Boston Patriots batting - Pitching for Atlanta Smoke : LHP Corbin Jameson
Batting: LHB Jorge Alejándrez 0-0: Called Strike
0-1: Ball
1-1: Foul Ball, location: 2F
1-2: Ball
2-2: SINGLE (Groundball, 4MD)
Batting: LHB Ramón Félix 0-0: Ball
1-0: Ground out 4-3 (Groundball, 34)
Jorge Alejándrez to second
Batting: RHB Karl Schultz 0-0: Called Strike
Jorge Alejándrez steals 3rd base
0-1: Fly out, F8 (Flyball, 8RD)
Runner from 3rd tags up, OUT at HOME
Bottom of the 8th over - 0 runs, 1 hit, 0 errors, 0 left on base; Atlanta 2 - Boston 5
TOP OF THE 9TH
Atlanta Smoke batting - Pitching for Boston Patriots : RHP Cameron Frye
Batting: SHB Roku Hara 0-0: Ball
1-0: SINGLE (Flyball, 7LS)
Batting: RHB Gerardo Castillo 0-0: Ground out 3-1 (Groundball, 34S)
Roku Hara to second
Batting: RHB Cosmo Bjorkenheim 0-0: Ball
1-0: Ball
2-0: Ball
3-0: Called Strike
3-1: Base on Balls
Pitching: RHP José García
Batting: SHB Raúl Duarte 0-0: Called Strike
0-1: Ball
1-1: DOUBLE (Flyball, 89D)
Roku Hara scores
Cosmo Bjorkenheim to third
Batting: RHB Bobby Butterfield 0-0: Ground out 5-3 (Groundball, 56)
Batting: RHB Bartolo Morales 0-0: Called Strike
0-1: Swinging Strike
0-2: Ball
1-2: Ball
2-2: Ground out 6-3 (Groundball, 6S)
Top of the 9th over - 1 run, 2 hits, 0 errors, 2 left on base; Atlanta 3 - Boston 5
Sunday, March 18th, 2018 - OOTP Baseball 18.8 Build 76